 Dungeon Crawl Stone Soup version 0.29.0-15-g675c0067aa (webtiles) character file.

Game seed: 7028545658405796489

91 qw the Sneak (level 4, -1/28 HPs)
             Began as a Gargoyle Delver on Sept 11, 2022.
             Slain by an orc
             ... wielding a +0 mace
              (4 damage)
             ... on level 3 of the Dungeon.
             The game lasted 00:00:15 (616 turns).

qw the Sneak (Gargoyle Delver)                       Turns: 616, Time: 00:00:15

Health: -1/28      AC:  6    Str: 17    XL:     4   Next: 57%
Magic:  4/4        EV: 11    Int: 11    God:
Gold:   14         SH:  0    Dex: 11    Spells: 3/3 levels left

rFire   . . .      SeeInvis .   Y - +0 hand axe
rCold   . . .      Faith    .   (no shield)
rNeg    + . .      Spirit   .   b - +0 leather armour
rPois   inf        Reflect  .   (no helmet)
rElec   +          Harm     .   (no cloak)
rCorr   .          Rampage  .   (no gloves)
Will    .....                   (no boots)
Stlth   +++.......              (no amulet)
HPRegen 0.09/turn               (no ring)
MPRegen 0.09/turn               (no ring)

@: no status effects
A: sickness immunity, AC +3, negative energy resistance 1, electricity
resistance, torment resistance 1, petrification resistance
a: no special abilities


You were on level 3 of the Dungeon.
You visited 1 branch of the dungeon, and saw 3 of its levels.

You collected 14 gold pieces.


Innate Abilities, Weirdness & Mutations

You are immune to sickness and miasma.
Your stone body is resilient. (AC +3)
You are immune to poison.
You resist negative energy. (rN+)
You are resistant to electric shocks. (rElec)
You are resistant to unholy torment.
You are immune to petrification.


   Skills:
 - Level 3.2 Fighting
 + Level 4.2 Axes
 - Level 1.5 Dodging
 - Level 5.4 Stealth


You had 3 spell levels left.
You didn't know any spells.
Your spell library was empty.

Inventory:

Hand Weapons
 a - a +0 club
 Y - a +0 hand axe (weapon)
Armour
 b - a +0 leather armour (worn)
Wands
 g - a wand of digging (3)
Scrolls
 d - a scroll of acquirement {unknown}
Potions
 c - a potion of mutation {unknown}
 e - a potion of might {unknown}
 f - a potion of haste

Dungeon Overview and Level Annotations

Branches:
Dungeon (5/15)
 Temple: D:4-7

Altars:


Message History

You hit the dart slug.
The dart slug is severely wounded.
You hit the hobgoblin. The hobgoblin hits you.
An orc comes into view. It is wielding a +0 club.
The dart slug launches a dart at you.
The slug dart hits you but does no damage.
You barely miss the dart slug.
The dart slug is severely wounded.
You closely miss the hobgoblin. You barely miss the orc priest.
The hobgoblin misses you.
The orc priest miscasts a cantrip.
An endoplasm comes into view. x2
The endoplasm quivers.
The orc shouts!
You hit the dart slug but do no damage.
The dart slug is severely wounded.
You hit the orc priest. You closely miss the hobgoblin.
The hobgoblin barely misses you.
An orc comes into view.
It is wielding a +0 whip of electrocution.
The orc priest closely misses you.
The dart slug briefly extends its eye-stalks.
The dart slug launches a dart at you. The slug dart misses you.
You hit the dart slug.
You kill the dart slug!
You closely miss the hobgoblin. You barely miss the orc priest.
The hobgoblin barely misses you. The orc priest barely misses you.
You closely miss the hobgoblin.
The hobgoblin is heavily wounded.
You barely miss the orc priest. You closely miss the orc.
The hobgoblin hits you. The orc hits you with a +0 mace.
The orc priest closely misses you. The orc hits you but does no damage.
The orc priest hits you with a +0 morningstar.
The hobgoblin barely misses you.
You barely miss the hobgoblin.
The hobgoblin is heavily wounded.
You closely miss the orc priest. You barely miss the orc.
The hobgoblin barely misses you. The orc hits you with a +0 mace.
You die...

### ##..## ##....##.#
##........ #########
##..g).#
###.....<..##...@##
P#.......##....oo#
.........##...##J.o..
#.......#...## ##oo..
###..........## .....
#.........#### ....
#.........# ...
....).....# ...
....>.....#


You could see an orc priest, 4 orcs, an endoplasm and a hobgoblin.

Vanquished Creatures
  A scorpion (D:5)
  2 adders
  A worm (D:5)
  A dart slug (D:3)
  An orc (D:5)
  An endoplasm (D:4)
  A goblin (D:3)
  2 kobolds
  A ball python (D:3)
11 creatures vanquished.

Notes
Turn   | Place    | Note
-------+----------+-------------------------------------------
     0 | D:5      | qw the Gargoyle Delver began the quest for the Orb.
     0 | D:5      | Reached XP level 1. HP: 14/14 MP: 1/1
     0 | D:5      | 0 ||| qw: Version: 0.1-a-117-gfe26ee0
     0 | D:5      | 0 ||| qw: Game counter: 10014
     0 | D:5      | 0 ||| qw: Always use a shield: true
     0 | D:5      | 0 ||| qw: God list: Okawaru
     0 | D:5      | 0 ||| qw: Allow faded altars: false
     0 | D:5      | 0 ||| qw: Do Orc after D:15 true
     0 | D:5      | 0 ||| qw: Do second Lair branch before Depths: true
     0 | D:5      | 0 ||| qw: Lair rune preference: random
     0 | D:5      | 0 ||| qw: Plans: Normal
     0 | D:5      | 0 ||| PLANNING D:1-11
    47 | D:5      | 47 ||| Stepping ~*~*~tactically~*~*~ (stealth).
    49 | D:5      | 49 ||| Stepping ~*~*~tactically~*~*~ (stealth).
    64 | D:5      | Reached XP level 2. HP: 19/19 MP: 2/2
   102 | D:5      | Noticed a scorpion
   113 | D:5      | HP: 2/19 [scorpion (4)]
   114 | D:5      | Killed a scorpion
   115 | D:5      | Reached XP level 3. HP: 2/23 MP: 3/3
   115 | D:5      | Reached XP level 4. HP: 3/28 MP: 4/4
   425 | D:5      | 425 ||| DROPPING scroll of fog.
   426 | D:5      | 426 ||| DROPPING scroll of magic mapping.
   427 | D:5      | 427 ||| DROPPING scroll of fear.
   496 | D:4      | 496 ||| READING scroll labelled GUOPEA ADOXAUKK.
   498 | D:4      | 498 ||| Stepping ~*~*~tactically~*~*~ (stealth).
   499 | D:4      | 499 ||| Stepping ~*~*~tactically~*~*~ (stealth).
   500 | D:4      | 500 ||| Stepping ~*~*~tactically~*~*~ (stealth).
   501 | D:4      | 501 ||| Stepping ~*~*~tactically~*~*~ (stealth).
   502 | D:4      | 502 ||| Stepping ~*~*~tactically~*~*~ (stealth).
   505 | D:4      | 505 ||| Stepping ~*~*~tactically~*~*~ (stealth).
   507 | D:4      | 507 ||| Stepping ~*~*~tactically~*~*~ (stealth).
   508 | D:4      | 508 ||| Stepping ~*~*~tactically~*~*~ (stealth).
   509 | D:4      | 509 ||| Stepping ~*~*~tactically~*~*~ (stealth).
   510 | D:4      | 510 ||| Stepping ~*~*~tactically~*~*~ (stealth).
   533 | D:4      | 533 ||| FLEEEEING.
   534 | D:4      | 534 ||| FLEEEEING.
   539 | D:4      | 539 ||| STAIRDANCE
   542 | D:3      | 542 ||| Stepping ~*~*~tactically~*~*~ (stealth).
   615 | D:3      | HP: 4/28 [orc/+0 mace (4)]
   616 | D:3      | Slain by an orc

Levels and vault maps discovered:
D:3:      layout_rooms, dreamdust_princess_bridge, nrook_mini_backslash,
          chequers_serial_rivers_room_a, nicolae_kite_square_tiling_tiny
D:4:      layout_basic, mainiacjoe_overflow_alcove_1
D:5:      layout_loops_corners, ebering_ghost_sewer_f

Skill      XL: |  1  2 |
---------------+-------+-----
Axes           | 2 4 |  4.2
Fighting       | |  3.2
Dodging        | |  1.5
Stealth        | |  5.4

Action                   |  1- 3 |  4- 6 || total
-------------------------+-------+-------++-------
Melee: Hand axe          |    24 |    27 ||    51
  Use: Scroll            |       |     1 ||     1
Armor: Leather armour    |     6 |    15 ||    21
Dodge: Dodged            |    15 |    19 ||    34

Table legend:
 A = Non-vault XP
 B = Vault XP
 C = Vault XP percentage of total XP
 D = Non-vault monster count
 E = Vault monster count
 F = Vault count percentage of total count
                 A         B        C        D         E       F
            +---------+---------+-------+---------+---------+-------
      Total |     130 |       0 |   0.0 |      11 |       0 |   0.0
            +---------+---------+-------+---------+---------+-------
        D:3 |       9 |       0 |   0.0 |       4 |       0 |   0.0
        D:4 |      17 |       0 |   0.0 |       3 |       0 |   0.0
        D:5 |     104 |       0 |   0.0 |       4 |       0 |   0.0
            +---------+---------+-------+---------+---------+-------
